 Dungeon Crawl Stone Soup version 0.28.0-53-g5a82cb258f (webtiles) character file.

Game seed: 11451119163123518005

617 themarg the Skirmisher (level 7, -1/62 HPs)
             Began as a Minotaur Berserker on Sept 8, 2022.
             Was a Priest of Trog.
             Slain by a hornet (12 damage)
             ... on level 5 of the Dungeon.
             The game lasted 00:09:59 (4972 turns).

themarg the Skirmisher (Minotaur Berserker)         Turns: 4972, Time: 00:10:00

Health: -1/62      AC:  6    Str: 29    XL:     7   Next: 21%
Magic:  6/6        EV: 12    Int:  4    God:    Trog [***...]
Gold:   326        SH:  0    Dex:  9    Spells: 6/6 levels left

rFire   . . .      SeeInvis +   r - +1 broad axe (freeze)
rCold   . . .      Faith    .   (no shield)
rNeg    . . .      Spirit   .   i - +0 leather armour
rPois   .          Reflect  .   (helmet restricted)
rElec   .          Harm     .   (no cloak)
rCorr   .          Rampage  .   l - +0 pair of gloves
Will    .....                   b - +0 pair of boots
Stlth   +.........              (no amulet)
HPRegen 0.20/turn               f - ring of see invisible
MPRegen 0.10/turn               m - ring "Saykale" {Will- Str+5 Slay+4}

@: lethally poisoned (-1 -> -19), slowed, very slow
A: horns 2, retaliatory headbutt
a: Renounce Religion, Berserk, Trog's Hand


You were on level 5 of the Dungeon.
You worshipped Trog.
Trog was most pleased with you.
You visited 1 branch of the dungeon, and saw 5 of its levels.

You collected 326 gold pieces.

Inventory:

Hand Weapons
 r - a +1 broad axe of freezing (weapon)
Armour
 b - a +0 pair of boots (worn)
 i - a +0 leather armour (worn)
 l - a +0 pair of gloves (worn)
Jewellery
 f - a ring of see invisible (left hand)
 h - a ring of positive energy
 m - the ring "Saykale" (right hand) {Will- Str+5 Slay+4}
   (You found it on level 3 of the Dungeon)

   [ring of slaying]

   Str:       It affects your strength (+5).
   Slay:      It affects your accuracy & damage with ranged weapons and melee
   (+4).
   Will:      It decreases your willpower.
 q - a ring of resist corrosion
Scrolls
 d - 2 scrolls of enchant armour {unknown}
 e - a scroll of blinking {unknown}
 g - 9 scrolls of identify {unknown}
 j - a scroll of immolation {unknown}
 p - 3 scrolls of brand weapon {unknown}
 u - a scroll of magic mapping {unknown}
 w - a scroll of fear {unknown}
Potions
 a - a potion of ambrosia {unknown}
 c - 2 potions of heal wounds {unknown}
 k - a potion of mutation {unknown}
 n - 2 potions of curing {unknown}
 o - a potion of lignification {unknown}
 s - a potion of cancellation {unknown}
 t - a potion of magic {unknown}
 v - a potion of flight {unknown}
 x - a potion of degeneration {unknown}


   Skills:
 + Level 5.9 Fighting
 + Level 5.9 Axes
 + Level 5.2 Armour
 + Level 4.7 Dodging


You had 6 spell levels left.
You didn't know any spells.
Your spell library was empty.

Dungeon Overview and Level Annotations

Branches:
Dungeon (5/15)
 Temple: D:4-7

Altars:
Gozag
Kikubaaqudgha

Annotations:
D:3 1 runed translucent door, themarg's ghost, amateur MiBe


Innate Abilities, Weirdness & Mutations

You have a pair of horns on your head.
You reflexively headbutt those who attack you in melee.


Message History

You see here a +0 spear.
Found a stone staircase leading down.
There is an open door here.
There is an open door here.
There is an open door here.
A hound comes into view.
The hound barks!
You hear a bark!
You hear an angry buzzing noise.
A hound and a hornet come into view.
The hound barks!
You slash the hound! You freeze the hound.
The hound is severely wounded.
The hound barely misses you. x2
You hit the hound. You freeze the hound.
You kill the hound!
Trog accepts your kill. The hound bites you.
You barely miss the hornet. Your headbutt misses the hornet.
You slash the hound! You freeze the hound.
You kill the hound!
Trog accepts your kill. The hornet stings you!
You are poisoned.
You feel yourself slow down.
The hornet stings you but does no damage.
You barely miss the hornet.
You feel yourself speed up.
You feel very sick. The hornet stings you!
You feel yourself slow down. The hornet stings you.
You are more poisoned.
You feel as though you will be slow longer.
The hornet stings you!
You feel as though you will be slow longer.
You hit the hornet but do no damage. Your headbutt misses the hornet.
You feel extremely sick. The hornet stings you!
* * * LOW HITPOINT WARNING * * *
You are lethally poisoned!
You feel as though you will be slow longer.
The hornet stings you!
You die...

#.. #.#...#
.'..
#...#.#...#
##.. #...#
#...# #..
##...#.#...#
###
#....#.....#
#....####..#
#....#.....#
#...y#.#...#
#...†@.....#
#.....#.##..#
#...........#
#.......##^...
#.....#######..
#..... .#
#..... #.....


You could see a hornet.

Vanquished Creatures
  An ice beast (D:5)
  A gnoll sergeant (D:5)
  3 scorpions
  3 hounds
  A hound skeleton (D:4)
  6 adders
  5 gnolls (D:5)
  An ufetubus (D:5)
  3 worms
  3 dart slugs
  3 orcs (D:4)
  A bat (D:1)
  3 endoplasms
  5 giant cockroaches
  3 goblins
  2 hobgoblins
  3 jackals (D:5)
  3 kobolds
  2 quokkas
  4 ball pythons
  2 frilled lizards (D:1)
  29 rats
87 creatures vanquished.

Vanquished Creatures (others)
  5 toadstools (D:3)
5 creatures vanquished.

Grand Total: 92 creatures vanquished

Notes
Turn   | Place    | Note
-------+----------+-------------------------------------------
     0 | D:1      | themarg the Minotaur Berserker began the quest for the Orb.
     0 | D:1      | Reached XP level 1. HP: 19/19 MP: 0/0
   542 | D:1      | You fall into a shaft and drop 1 floor!
   566 | D:2      | Reached XP level 2. HP: 22/27 MP: 1/1
   675 | D:1      | Found a faded altar of an unknown god.
  1318 | D:2      | Reached XP level 3. HP: 24/33 MP: 2/2
  1913 | D:2      | Reached ** piety under Trog
  1939 | D:2      | Reached XP level 4. HP: 40/41 MP: 3/3
  2290 | D:3      | Identified the ring "Saykale" {Will- Str+5 Slay+4}
  2351 | D:3      | Found a runed translucent door.
  2351 | D:3      | Noticed themarg's ghost (amateur MiBe)
  3199 | D:4      | Found an ancient bone altar of Kikubaaqudgha.
  3224 | D:4      | Found an opulent altar of Gozag.
  3224 | D:4      | Noticed a scorpion
  3254 | D:4      | Killed a scorpion
  3255 | D:4      | Reached XP level 5. HP: 39/47 MP: 4/4
  3382 | D:4      | Reached skill level 5 in Fighting
  3561 | D:4      | Reached *** piety under Trog
  3606 | D:4      | Reached skill level 5 in Axes
  3757 | D:5      | Entered Level 5 of the Dungeon
  3782 | D:5      | Reached XP level 6. HP: 40/56 MP: 5/5
  3946 | D:5      | Noticed an ice beast
  3956 | D:5      | Killed an ice beast
  4411 | D:5      | Reached skill level 5 in Armour
  4519 | D:5      | Reached XP level 7. HP: 26/62 MP: 6/6
  4967 | D:5      | Noticed a hornet
  4972 | D:5      | Slain by a hornet

Illustrated notes

Levels and vault maps discovered:
D:1:      matt_arrival_refuge, layout_loops_ring,
          chequers_ecumenical_altar_island, minmay_tetromino_t4
D:2:      layout_loops_ring, minmay_rat_hole
D:3:      layout_basic, portal_sewer_entry_e, gammafunk_ghost_grave,
          minmay_gold_behind_fungi, moated_statue
D:4:      layout_rooms, lemuel_crystal_altar, mainiacjoe_overflow_brackets,
          nicolae_figureground_sparkle
D:5:      layout_basic

Skill      XL: |  1  2  3  4  5  6 |
---------------+-------------------+-----
Fighting       | 4 5 |  5.9
Axes           | 4 5 |  5.9
Armour         | 3 4 5 |  5.2
Dodging        | 3 4 |  4.7

Action                   |  1- 3 |  4- 6 |  7- 9 || total
-------------------------+-------+-------+-------++-------
Melee: Hand axe          |    83 |    58 |       ||   141
       Headbutt          |     9 |    18 |     1 ||    28
       Broad axe         |       |    32 |     9 ||    41
       Punch             |       |     1 |       ||     1
Invok: Berserk           |       |       |     1 ||     1
 Stab: Sleeping          |     1 |       |       ||     1
Armor: Animal skin       |     7 |       |       ||     7
       Leather armour    |     7 |    30 |     1 ||    38
Dodge: Dodged            |    40 |    64 |     8 ||   112
